 Dungeon Crawl Stone Soup version 0.32-a0-17-gb74e046682 (webtiles) character file.

Game seed: 9933904443639167985

2475 gamer1337 the Basher (level 9, -3/78 HPs)
             Began as a Minotaur Fighter on Jan 15, 2024.
             Was a Priest of Trog.
             Succumbed to barbed spike wounds
             ... on level 6 of the Dungeon.
             The game lasted 00:17:54 (5208 turns).

gamer1337 the Basher (Minotaur Fighter)             Turns: 5208, Time: 00:17:55

Health: -3/78      AC: 19    Str: 29    XL:     9   Next: 27%
Magic:  8/8        EV: 11    Int:  4    God:    Trog [***...]
Gold:   358        SH:  5    Dex:  9    Spells: 8/8 levels left

rFire   . . .        r - +0 mace (protect)
rCold   . . .        c - +0 buckler
rNeg    . . .        b - +0 scale mail
rPois   +            (helmet unavailable)
rElec   .            (no cloak)
rCorr   .            (no gloves)
SInv    .            (no boots)
Will    +....        (no amulet) Stlth
                     w - +4 ring of protection
HPRegen 1.13/turn    (no ring)
MPRegen 0.11/turn

%: no passive effects
@: spiked, under a protective aura, attractive, enlightened, flying (expiring)
A: horns 3, retaliatory headbutt, poison resistance, regeneration 1, strong 1
a: Renounce Religion, Berserk, Trog's Hand


You were on level 6 of the Dungeon.
You worshipped Trog.
Trog was most pleased with you.
You visited 1 branch of the dungeon, and saw 6 of its levels.

You collected 358 gold pieces.

Inventory:

Hand Weapons
 a - a +0 war axe
 d - a +0 whip of flaming
 r - a +0 mace of protection (weapon)
 s - a +2 rapier of speed
 u - a +1 dagger of venom
 B - a +2 flail of draining
 F - a +0 dagger of pain
 G - a +0 antimagic orcbow
Missiles
 f - 4 poisoned darts (quivered)
 g - 10 javelins
Armour
 b - a +0 scale mail (worn)
 c - a +0 buckler (worn)
Magical Staves
 n - a staff of conjuration
 y - a staff of earth
Jewellery
 w - a +4 ring of protection (left hand)
Talismans
 q - a flux talisman
Wands
 t - a wand of light (9)
 z - a wand of charming (11)
Scrolls
 e - a scroll of vulnerability {unknown}
 h - 4 scrolls of enchant armour {unknown}
 i - 3 scrolls of blinking {unknown}
 k - 4 scrolls of teleportation {unknown}
 l - 6 scrolls of identify {unknown}
 m - 2 scrolls of revelation {unknown}
 p - a scroll of poison {unknown}
 v - a scroll of fog {unknown}
 C - a scroll of noise {unknown}
Potions
 j - 2 potions of mutation
 A - a potion of degeneration
 D - a potion of berserk rage {unknown}
 E - a potion of heal wounds {unknown}


   Skills:
 + Level 6.9 Fighting
 - Level 4.5(7.0) Axes
 + Level 8.4(8.9) Maces & Flails
 + Level 7.8 Armour
 + Level 4.2 Dodging
 + Level 0.7 Stealth
 + Level 6.4 Shields


You had 8 spell levels left.
You didn't know any spells.
Your spell library contained the following spells:

 Spells                   Type           Power      Damage    Failure   Level
 Tukima's Dance           Hex            0%         N/A       98%         3
 Passage of Golubria      Tloc           0%         N/A       100%        4
 Yara's Violent Unravell  Hex/Alch       0%         3d3       100%        5


Dungeon Overview and Level Annotations

Branches:
Dungeon (6/15)
 Temple: D:4-7

Altars:
Nemelex Xobeh
Trog
Zin
The Shining One


Innate Abilities, Weirdness & Mutations

You have a pair of large horns on your head.
You reflexively headbutt those who attack you in melee.
Your system is resistant to poisons. (rPois)
Your natural rate of healing is unusually fast.
Your muscles are strong. (Str +4, Int/Dex -1)


Message History

The volley of spikes skewers you!
The barbed spikes become lodged in your body.
* * * LOW HITPOINT WARNING * * *
The orc hits you but does no damage.
Okay, then.
The barbed spikes dig painfully into your body as you move.
* * * LOW HITPOINT WARNING * * *
The barbed spikes dig painfully into your body as you move.
* * * LOW HITPOINT WARNING * * *
The howler monkey howls!
A howler monkey is nearby!
It was a potion of attraction.
You feel attractive to monsters. You block the manticore's attack.
The manticore misses you. The manticore claws you.
* * * LOW HITPOINT WARNING * * *
The cyclops is attracted toward you.
You thump the manticore!
Your weapon exudes an aura of protection.
You headbutt the manticore.
You kill the manticore!
Trog accepts your kill. The gnoll is attracted toward you.
You feel your strength returning.
Your Maces & Flails skill increases to level 8!
Your Dodging skill increases to level 4!
You hit the howler monkey. You headbutt the howler monkey!
The howler monkey is almost dead.
The howler monkey hoots and howls with incredible vigour!
You hear a shout!
You hear a roar!
The barbed spikes dig painfully into your body as you move.
* * * LOW HITPOINT WARNING * * *
You are starting to lose your buoyancy.
The cyclops is attracted toward you.
The howler monkey is attracted toward you.
The barbed spikes dig painfully into your body as you move.
* * * LOW HITPOINT WARNING * * *
The cyclops is attracted toward you. The iguana is attracted toward you.
The barbed spikes dig painfully into your body as you move.
You die...

........# #........ ........#
'........ ........# #h.......
........# #...... ....†...#####
..C.
####........############[#######
...#...............h§lg.........
...#........#.#.#.#l#.#.#.#.#.#.
...#........#...@.C.#.o.../.#
...#........#####################
#..#........###'#................
#..##...............#####........
....#.......<.....).# #........
....#............)[.# #........
...<#...............# #........
....#...............# #.<......
#..##...............#####........


You could see a cyclops, a howler monkey (catching breath) and an iguana.

Vanquished Creatures
  Pikel (D:6)
  A manticore (D:6)
  A steam dragon (D:6)
  A water moccasin (D:6)
  A sky beast (D:6)
  An ogre (D:6)
  A centaur (D:6)
  3 scorpions
  5 killer bees (D:6)
  2 howler monkeys
  A bombardier beetle (D:4)
  2 hounds (D:5)
  An orc priest (D:4)
  3 jellies
  Natasha (twice) (D:4)
  A sleepcap (D:3)
  4 iguanas
  4 orc wizards
  9 adders
  2 white imps
  2 ribbon worms
  2 dart slugs
  14 orcs
  16 ball pythons
  3 bats
  4 endoplasms
  2 giant cockroaches
  6 goblins
  7 hobgoblins
  2 quokkas
  4 frilled lizards
  8 kobolds
  10 rats
126 creatures vanquished.

Notes
Turn   | Place    | Note
-------+----------+-------------------------------------------
     0 | D:1      | gamer1337 the Minotaur Fighter began the quest for the Orb.
     0 | D:1      | Reached XP level 1. HP: 19/19 MP: 0/0
   280 | D:1      | Reached XP level 2. HP: 25/27 MP: 1/1
   835 | D:2      | Found a bloodstained altar of Trog.
   848 | D:2      | Became a worshipper of Trog the Wrathful
   869 | D:2      | Reached XP level 3. HP: 33/33 MP: 2/2
  1639 | D:3      | Reached XP level 4. HP: 35/40 MP: 3/3
  1700 | D:3      | Reached * piety under Trog
  1871 | D:3      | Found a glowing golden altar of the Shining One.
  2050 | D:3      | Found a glowing silver altar of Zin.
  2134 | D:3      | Reached XP level 5. HP: 46/46 MP: 4/4
  2485 | D:4      | Noticed Natasha
  2498 | D:4      | Reached ** piety under Trog
  2520 | D:4      | Reached skill level 1 in Maces & Flails
  2536 | D:4      | Killed Natasha
  2537 | D:4      | Reached skill level 5 in Armour
  2550 | D:4      | Reached skill level 2 in Maces & Flails
  2550 | D:4      | Reached XP level 6. HP: 13/53 MP: 5/5
  2761 | D:4      | Found a sparkling altar of Nemelex Xobeh.
  2932 | D:4      | Reached skill level 1 in Dodging
  2938 | D:4      | Reached skill level 3 in Maces & Flails
  3131 | D:4      | Noticed Natasha
  3140 | D:4      | Killed Natasha
  3201 | D:5      | Entered Level 5 of the Dungeon
  3264 | D:5      | Reached skill level 4 in Maces & Flails
  3264 | D:5      | Reached XP level 7. HP: 52/60 MP: 6/6
  3328 | D:5      | Reached skill level 5 in Fighting
  3497 | D:5      | Reached skill level 5 in Shields
  3583 | D:5      | Reached *** piety under Trog
  3903 | D:5      | Reached skill level 5 in Maces & Flails
  4417 | D:6      | Noticed Pikel
  4428 | D:6      | Killed Pikel
  4429 | D:6      | Reached skill level 6 in Maces & Flails
  4429 | D:6      | Reached XP level 8. HP: 28/70 MP: 7/7
  4435 | D:6      | Reached skill level 7 in Maces & Flails
  4439 | D:6      | HP: 3/70 [poisoned by a water moccasin]
  4441 | D:6      | HP: 1/70 [poisoned by a water moccasin]
  5179 | D:6      | Noticed a manticore
  5184 | D:6      | Reached XP level 9. HP: 59/78 MP: 8/8
  5185 | D:6      | Gained mutation: Your natural rate of healing is unusually
                  | fast. [potion of mutation]
  5185 | D:6      | Gained mutation: You have a pair of large horns on your
                  | head. [potion of mutation]
  5185 | D:6      | Gained mutation: Your system is resistant to poisons.
                  | (rPois) [potion of mutation]
  5185 | D:6      | Gained mutation: Your muscles are strong. (Str +4, Int/Dex
                  | -1) [potion of mutation]
  5190 | D:6      | Noticed a cyclops
  5204 | D:6      | Killed a manticore
  5205 | D:6      | Reached skill level 8 in Maces & Flails
  5206 | D:6      | HP: 2/78 [barbs]
  5208 | D:6      | Succumbed to barbed spike wounds

Illustrated notes

Levels and vault maps discovered:
D:1:      heliophobic_arrival_glass_houses, layout_loops_cross
D:2:      layout_loops_corners, basic_altar, minmay_goblin_kobold_house
D:3:      layout_basic, lemuel_coloured_pillars_altar, zin_statuary,
          minmay_snake_closets
D:4:      layout_rooms, mainiacjoe_overflow_six_doors_small,
          minmay_crystal_water, minmay_vboxes, uniq_natasha
D:5:      layout_basic
D:6:      layout_gridville, hangedman_minor_gate_pass, uniq_pikel, uniq_duvessa

Skill      XL: |  1  2  3  4  5  6  7  8  9 |
---------------+----------------------------+-----
Armour         | 4 5 6 7 |  7.8
Shields        | 4 5 6 |  6.4
Fighting       | 4 5 6 |  6.9
Axes           | 3 4 |  4.5
Maces & Flails | 2 4 6 7 8 |  8.4
Dodging        | 1 2 3 4 |  4.2
Stealth        | |  0.7

Action                     |  1- 3 |  4- 6 |  7- 9 || total
---------------------------+-------+-------+-------++-------
  Melee: War axe           |    82 |    55 |       ||   137
         Headbutt          |    12 |    23 |    32 ||    67
         Mace              |       |   115 |   134 ||   249
    Use: Potion            |       |     1 |     8 ||     9
 Armour: Scale mail        |    53 |   171 |   163 ||   387
  Dodge: Dodged            |    29 |    76 |   109 ||   214
  Block: Buckler           |    17 |    46 |    43 ||   106

Table legend: (Time is in decaauts)
 A = Elapsed time spent in this place.
 B = Non-inter-level travel time spent in this place.
 C = Inter-level travel time spent in this place.
 D = Time resting spent in this place.
 E = Time spent auto-exploring this place.
 F = Levels seen in this place.
 G = Mean time per level.
                   A        B        C        D        E       F      G
               +--------+--------+--------+--------+--------+-----+--------+
         Total |   5296 |   5099 |    197 |    494 |   3665 |   6 |  882.7 |
       Dungeon |   5296 |   5099 |    197 |    494 |   3665 |   6 |  882.7 |
               +--------+--------+--------+--------+--------+-----+--------+

Top non-repeatable levels by time:
     D:6: 1049 daAuts
     D:2: 986 daAuts
     D:5: 970 daAuts
     D:3: 852 daAuts
     D:4: 844 daAuts
     D:1: 592 daAuts
